 Dungeon Crawl Stone Soup version 0.30-a0-358-g0d69a1922f (webtiles) character file.

Game seed: 10453629738226182957

46 IndexError the Ruffian (level 3, 0/28 HPs)
             Began as a Draconian Transmuter on Nov 9, 2022.
             Succumbed to an adder's poison
             ... on level 2 of the Dungeon.
             The game lasted 00:03:39 (1460 turns).

IndexError the Ruffian (Draconian Transmuter)       Turns: 1460, Time: 00:03:40

Health: 0/28       AC:  5    Str: 12    XL:     3   Next: 44%
Magic:  5/6        EV: 12    Int: 15    God:
Gold:   56         SH:  0    Dex: 11    Spells: 0/6 levels left

rFire   . . .      SeeInvis .    c - staff of cold {rC+}
rCold   + . .      Faith    .    (no shield)
rNeg    . . .      Spirit   .    (body armour unavailable)
rPois   .          Reflect  .    (helmet currently unavailable)
rElec   .          Harm     .    (no cloak)
rCorr   .          Rampage  .    (no gloves)
Will    .....                    (boots currently unavailable)
Stlth   +.........               (no amulet)
HPRegen 0.24/turn                (no ring)
MPRegen 0.10/turn                (no ring)

@: lethally poisoned (0 -> -2), appendages (expiring)
A: horns 2, talons 2, AC +5, unfitting armour, cold-blooded
a: End Transformation


You were on level 2 of the Dungeon.
You had temporarily grown beastly horns and talons.
You visited 1 branch of the dungeon, and saw 2 of its levels.

You collected 56 gold pieces.

Inventory:

Armour
 d - a +0 pair of gloves
   (You found it on level 1 of the Dungeon)
 k - a +1 hat
   (You found it on level 2 of the Dungeon)
Magical Staves
 c - a staff of cold (weapon) {rC+}
   (You found it on level 1 of the Dungeon)
Jewellery
 g - an amulet of regeneration {+regen, !d}
   (You found it on level 1 of the Dungeon)
Scrolls
 b - a scroll of enchant armour {unknown}
 e - a scroll of identify {unknown}
 f - 2 scrolls of teleportation {unknown}
 h - a scroll of summoning {unknown}
 i - a scroll of vulnerability {unknown}
 j - a scroll of amnesia {unknown}
Potions
 a - 2 potions of lignification {!q}
 l - a potion of curing {unknown}


   Skills:
 - Level 1.3 Fighting
 - Level 1.9 Dodging
 + Level 3.6 Unarmed Combat
 - Level 2.1 Spellcasting
 + Level 2.9 Transmutations


You couldn't memorise any spells.
You knew the following spells:

 Your Spells              Type           Power      Damage    Failure   Level
a - Beastly Appendage     Tmut           20%        N/A       7%          1
b - Wereblood             Tmut           10%        N/A       10%         2
c - Spider Form           Tmut/Pois      5%         N/A       36%         3

Your spell library contained the following spells:

 Spells                   Type           Power      Damage    Failure   Level
 Ignite Poison            Fire/Tmut/Pois 4%         N/A       41%         3
 Kindle Blastsparks       Fire/Tloc/Air  2%         2d10      54%         3
 Ice Form                 Ice/Tmut       8%         N/A       77%         4
 Freezing Cloud           Conj/Ice/Air   1%         6-21      99%         5
 Summon Forest            Summ/Tloc      0%         N/A       99%         5
 Eringya's Noxious Bog    Tmut/Pois      2%         N/A       100%        6
 Summon Hydra             Summ           0%         N/A       100%        7


Dungeon Overview and Level Annotations

Branches:
Dungeon (2/15)

Altars:


Innate Abilities, Weirdness & Mutations

You have temporarily grown beastly horns and talons.
Your plain brown scales are hard. (AC +5)
You cannot fit into any form of body armour.
You are cold-blooded and may be slowed by cold attacks.


Message History

Your horns disappear.
Your talons disappear.
An adder comes into view.
The adder hisses angrily.
Spoiler Alert: The adder is fast and can poison!
MP restored: 6
Casting: Beastly Appendage (safe; 7% risk of failure)
Confirm with . or Enter, or press ? or * to list all spells.
You grow a pair of large bovine horns.
Your feet morph into talons.
You now have 5/6 mp.
The adder barely misses you.
Spoiler Alert: The adder is fast and can poison!
You barely miss the adder. The adder closely misses you. The adder bites you.
You are poisoned.
The adder poisons you!
You take 1 damage, and have 27/28 hp.
You barely miss the adder.
You feel sick. The adder bites you but does no damage.
Spoiler Alert: The adder is fast and can poison!
You take 2 damage, and have 25/28 hp.
You hit the adder.
You feel sick. The adder bites you but does no damage.
The adder barely misses you.
You take 1 damage, and have 24/28 hp.
You closely miss the adder. Your kick misses the adder.
You feel sick. The adder misses you.
Spoiler Alert: The adder is fast and can poison!
You take 1 damage, and have 23/28 hp.
You closely miss the adder.
Your transformation is almost over.
You feel sick. The adder bites you.
You are more poisoned.
The adder poisons you! The adder bites you but does no damage.
Spoiler Alert: The adder is fast and can poison!
You take 3 damage, and have 20/28 hp.
You closely miss the adder. Your kick misses the adder.
You feel sick. The adder bites you but does no damage.
You take 2 damage, and have 18/28 hp.
MP restored: 6 You miss the adder.
Your kick misses the adder.
Your tail-slap misses the adder.
You feel sick. The adder barely misses you. The adder bites you.
You are more poisoned.
The adder poisons you!
Spoiler Alert: The adder is fast and can poison!
You take 3 damage, and have 15/28 hp.
You are too injured to fight recklessly!
You are too injured to fight recklessly!
You miss the adder. Your headbutt misses the adder.
You feel very sick. The adder bites you but does no damage.
Spoiler Alert: The adder is fast and can poison!
You take 3 damage, and have 12/28 hp.
You miss the adder. Your headbutt misses the adder. You tail-slap the adder.
You feel sick. The adder misses you. The adder barely misses you.
You take 2 damage, and have 10/28 hp.
You closely miss the adder. Your headbutt misses the adder.
You feel sick. The adder closely misses you.
Spoiler Alert: The adder is fast and can poison!
You take 2 damage, and have 8/28 hp.
You barely miss the adder. Your kick misses the adder.
Your horns disappear.
Your talons disappear.
You feel sick. The adder bites you but does no damage.
The adder barely misses you.
You barely miss the adder.
Your tail-slap misses the adder.
You feel sick. The adder completely misses you.
Spoiler Alert: The adder is fast and can poison!
You take 1 damage, and have 7/28 hp.
Casting: Beastly Appendage (safe; 7% risk of failure)
Confirm with . or Enter, or press ? or * to list all spells.
You grow a pair of large bovine horns.
Your feet morph into talons.
You feel sick. The adder barely misses you.
The adder bites you but does no damage.
Spoiler Alert: The adder is fast and can poison!
You take 1 damage, and have 6/28 hp.
You now have 5/6 mp.
You hit the adder. Your kick misses the adder.
You feel sick.
You are no longer poisoned.
The adder bites you but does no damage.
You take 1 damage, and have 5/28 hp.
You miss the adder.
Your tail-slap misses the adder.
The adder closely misses you. The adder bites you.
* * * LOW HITPOINT WARNING * * *
Spoiler Alert: The adder is fast and can poison!
You take 2 damage, and have 3/28 hp.
You hit the adder. Your kick misses the adder. Your headbutt misses the adder.
The adder misses you.
You hit the adder. You claw the adder, but do no damage.
The adder closely misses you. x2
You closely miss the adder. Your kick misses the adder.
Your headbutt misses the adder. You tail-slap the adder. The adder bites you.
* * * LOW HITPOINT WARNING * * *
You are lethally poisoned!
The adder poisons you!
Spoiler Alert: The adder is fast and can poison!
You closely miss the adder.
* * * LOW HITPOINT WARNING * * *
You feel sick. The adder closely misses you. The adder barely misses you.
You take 2 damage, and have 1/28 hp.
You hit the adder but do no damage. You claw the adder, but do no damage.
You tail-slap the adder, but do no damage.
Your transformation is almost over.
You die...

#.####.# ###.........).
...# #.# #.##....#.#.
#### #.#####+####..#.#.
#.#...........#.#.
#.#.......).....#.
#######.'..........#..#.
......###..........#....
#.............####.##.##
....#..@......# #..... .
#.S.......# ####...
#.##+###### #. #. #


You could see an adder.

Vanquished Creatures
  An adder (D:2)
  A dart slug (D:2)
  4 ball pythons (D:1)
  An endoplasm (D:1)
  6 goblins (D:1)
  7 hobgoblins
  4 kobolds
  A quokka (D:1)
  3 bats (D:1)
  A frilled lizard (D:1)
  2 rats (D:1)
31 creatures vanquished.

Notes
Turn   | Place    | Note
-------+----------+-------------------------------------------
     0 | D:1      | IndexError the Draconian Transmuter began the quest for the
                  | Orb.
     0 | D:1      | Reached XP level 1. HP: 16/16 MP: 3/3
   174 | D:1      | Reached XP level 2. HP: 22/23 MP: 3/5
   934 | D:1      | Reached XP level 3. HP: 27/28 MP: 4/6
  1052 | D:2      | Learned a level 2 spell: Wereblood
  1056 | D:2      | Learned a level 3 spell: Spider Form
  1452 | D:2      | HP: 7/28 [poisoned by an adder]
  1455 | D:2      | HP: 3/28 [adder (2)]
  1459 | D:2      | HP: 1/28 [poisoned by an adder]
  1460 | D:2      | Succumbed to an adder's poison

Illustrated notes

Levels and vault maps discovered:
D:1:      eino_arrival_cavern_e, layout_loops_corners
D:2:      layout_basic, fountainhead, minmay_misc_feat_pillars,
          minmay_octomino_c4, uniq_robin

Action                   || total
-------------------------++-------
Melee: Staff             ||   110
       Kick              ||    20
       Headbutt          ||     6
       Tailslap          ||     8
 Cast: Beastly Appendage ||    22
Armor: Skin              ||    48
Dodge: Dodged            ||    74

Table legend: (Time is in decaauts)
 A = Elapsed time spent in this place.
 B = Non-inter-level travel time spent in this place.
 C = Inter-level travel time spent in this place.
 D = Time resting spent in this place.
 E = Time spent auto-exploring this place.
 F = Levels seen in this place.
 G = Mean time per level.
                   A        B        C        D        E       F      G
               +--------+--------+--------+--------+--------+-----+--------+
         Total |   1482 |   1280 |    202 |      0 |   1034 |   2 |  741.0 |
       Dungeon |   1482 |   1280 |    202 |      0 |   1034 |   2 |  741.0 |
               +--------+--------+--------+--------+--------+-----+--------+

Top non-repeatable levels by time:
     D:1: 1243 daAuts
     D:2: 238 daAuts

Table legend:
 A = Kills in this place as a percentage of kills in entire the game.
 B = Kills by you in this place as a percentage of kills by you in the entire game.
 C = Kills by friends in this place as a percentage of kills by friends in the entire game.
 D = Other kills in this place as a percentage of other kills in the entire game.
 E = Experience gained in this place as a percentage of experience gained in the entire game.
 F = Experience gained in this place divided by the number of levels of this place that you have seen.
                   A       B       C       D       E      F
               +-------+-------+-------+-------+-------+----------------------
         Total | 100.0 | 100.0 |   N/A |   N/A | 100.0 |  33.0
       Dungeon | 100.0 | 100.0 |   N/A |   N/A | 100.0 |  33.0
               +-------+-------+-------+-------+-------+----------------------
